 Dungeon Crawl Stone Soup version 0.23-a0-650-ga4d50d4d25 (webtiles) character file.

991 Morenatsu the Carver (level 7, -7/49 HPs)
             Began as a Vampire Gladiator on Jan 3, 2019.
             Was an Initiate of Makhleb.
             Killed by divine providence
             ... invoked by an orc priest
              (13 damage)
             ... on level 6 of the Dungeon.
             The game lasted 00:11:18 (5356 turns).

Morenatsu the Carver (Vampire Gladiator)            Turns: 5356, Time: 00:11:19

Health: -7/49      AC:  8    Str: 13    XL:     7   Next: 98%
Magic:  7/7        EV: 13    Int: 10    God:    Makhleb [......]
Gold:   213        SH:  2    Dex: 18    Spells: 6/6 levels left

rFire    . . .     SeeInvis +   a - +1 long sword
rCold    . . .     Gourm    .   (no shield)
rNeg     + . .     Faith    .   b - +0 leather armour
rPois    .         Spirit   .   c - +1 helmet
rElec    .         Reflect  +   (no cloak)
rCorr    .         Harm     .   (no gloves)
MR       .....                  h - +2 pair of boots
Stlth    +.........             k - +2 amulet of reflection
HPRegen  0.16/turn              f - ring of wizardry
MPRegen  0.10/turn              (no ring)

@: no status effects
A: fangs 3, see invisible, unbreathing
a: Bat Form, Renounce Religion


You were on level 6 of the Dungeon.
You worshipped Makhleb.
Makhleb was noncommittal.
You were not thirsty.

You visited 2 branches of the dungeon, and saw 7 of its levels.

You collected 315 gold pieces.
You spent 102 gold pieces at shops.

Inventory:

Hand Weapons
 a - a +1 long sword (weapon)
Missiles
 d - 3 throwing nets (quivered)
Armour
 b - a +0 leather armour (worn)
 c - a +1 helmet (worn)
 h - a +2 pair of boots (worn)
Jewellery
 f - a ring of wizardry (left hand)
 k - a +2 amulet of reflection (around neck)
Wands
 m - a wand of random effects (14)
Scrolls
 l - a scroll of teleportation
 n - 3 scrolls of identify
 o - 4 scrolls of remove curse
 s - a scroll of fog
Potions
 e - 2 potions of blood
 g - a potion of curing
 i - a potion of magic
 j - a potion of invisibility
 p - a potion of haste
 q - a potion of ambrosia
 r - a potion of lignification {unknown}
 t - a potion of brilliance
 u - a potion of might


   Skills:
 - Level 1.7 Fighting
 + Level 9.7 Long Blades
 - Level 1.5 Throwing
 - Level 3.2 Dodging


You had 6 spell levels left.
You didn't know any spells.
Your spell library contained the following spells:

 Spells                   Type           Power        Failure   Level  Hunger
 Confusing Touch          Hex            #.....       19%         1    ##.....
 Confuse                  Hex            #.......     47%         3    ####...
 Gell's Gravitas          Tloc           #.........   47%         3    ####...
 Petrify                  Tmut/Erth      #.......     86%         4    #####..
 Metabolic Englaciation   Hex/Ice        #.........   99%         5    ######.
 Yara's Violent Unravell  Hex/Tmut       #.........   99%         5    ######.


Dungeon Overview and Level Annotations

Branches:
Dungeon (6/15)             Temple (1/1) D:5

Altars:
Ashenzari
Cheibriados
Dithmenos
Elyvilon
Fedhas
Gozag
Hepliaklqana
Makhleb
Nemelex Xobeh
Qazlal
Ru
Trog
Uskayaw
Vehumet
Wu Jian
Xom
Yredelemnul
Zin
The Shining One

Shops:
D:4 **=?   D:5 !!=(


Innate Abilities, Weirdness & Mutations

You have razor-sharp teeth.
You have supernaturally acute eyesight. (SInv)
You can survive without breathing.


Message History

The orc closely misses you.
You riposte.
You hit the orc but do no damage. The orc priest closely misses you.
You hit the orc priest.
The orc priest is almost dead.
You closely miss the orc priest.
The orc priest is almost dead.
The orc closely misses you.
You riposte.
You hit the orc but do no damage. You bite the orc.
The orc is moderately wounded.
The orc priest hits you but does no damage.
You closely miss the orc priest.
The orc priest is almost dead.
The orc barely misses you.
The orc priest calls down the wrath of Beogh upon you.
You struggle to resist.
You closely miss the orc priest.
The orc priest is almost dead.
The orc priest calls down the wrath of Beogh upon you.
Beogh smites you!
You die...

#..........# #..##.##...#
#.##...##..# ###.....##.#
###.......#.#
#....._.....###
#.#.......#....
#####.##.....##....
#)@....##...##.....
......oo..#..##.#####...
..........####+.# #...
....##...... ... #...
####+#####........ . #...
#.......########... #...
#.......##....# ... ####
#.............# .? ######..
#.............#######...##..


You could see an orc priest and an orc.

Vanquished Creatures
  An orc warrior (D:6)
  2 sky beasts (D:5)
  A phantom (D:5)
  A centaur (D:3)
  A bullfrog zombie (D:6)
  3 orc priests
  2 bullfrog skeletons
  A centaur skeleton (D:4)
  3 orc wizards
  2 worker ants
  A howler monkey skeleton (D:6)
  9 adders
  A shadow imp (D:6)
  An ooze (D:2)
  An adder skeleton (D:4)
  3 worms
  3 dart slugs
  3 leopard geckos
  7 orcs
  5 giant cockroaches
  7 goblins
  12 hobgoblins
  4 jackals
  4 quokkas
  12 bats
  4 frilled lizards
  10 kobolds
  A quokka skeleton (D:4)
  11 rats
116 creatures vanquished.

Notes
Turn   | Place    | Note
-------+----------+-------------------------------------------
     0 | D:1      | Morenatsu the Vampire Gladiator began the quest for the
                  | Orb.
     0 | D:1      | Reached XP level 1. HP: 16/16 MP: 1/1
   142 | D:1      | Reached XP level 2. HP: 22/22 MP: 2/2
   339 | D:1      | Reached skill level 4 in Long Blades
   446 | D:1      | Reached XP level 3. HP: 25/27 MP: 3/3
   832 | D:2      | Found a white marble altar of Elyvilon.
  1276 | D:2      | Reached XP level 4. HP: 29/33 MP: 4/4
  1298 | D:2      | Reached skill level 5 in Long Blades
  1843 | D:2      | Found a hide-covered altar of Uskayaw.
  2110 | D:3      | Noticed a centaur
  2131 | D:3      | Killed a centaur
  2131 | D:3      | Reached skill level 6 in Long Blades
  2131 | D:3      | Reached XP level 5. HP: 7/38 MP: 5/5
  3083 | D:3      | Found an opulent altar of Gozag.
  3371 | D:4      | Reached XP level 6. HP: 40/44 MP: 6/6
  3473 | D:4      | Reached skill level 7 in Long Blades
  3575 | D:4      | Found Becaxtua's Mass Market.
  3622 | D:4      | Found Ocis's Jewellery Shop.
  3626 | D:4      | Found Metta's Assorted Antiques.
  3656 | D:4      | Bought a scroll labeled ZUNUFR FUUCW for 34 gold pieces
  3656 | D:4      | Bought a scroll labeled TYPNAF WESURA for 34 gold pieces
  3656 | D:4      | Bought a scroll labeled TYPNAF WESURA for 34 gold pieces
  3729 | D:4      | Found an ornate altar of the Wu Jian Council.
  3755 | D:4      | Found Uddemn's Magic Scroll Emporium.
  4071 | D:5      | Entered Level 5 of the Dungeon
  4095 | D:5      | Noticed a sky beast
  4102 | D:5      | Killed a sky beast
  4102 | D:5      | Reached skill level 8 in Long Blades
  4103 | D:5      | Found a staircase to the Ecumenical Temple.
  4124 | Temple   | Entered the Ecumenical Temple
  4231 | Temple   | Became a worshipper of Makhleb the Destroyer
  4357 | D:5      | Reached XP level 7. HP: 38/49 MP: 7/7
  4376 | D:5      | Found Zeri's Distillery.
  4411 | D:5      | Found Vogoez's Distillery.
  4473 | D:5      | Found Deotoh's Jewellery Shoppe.
  4928 | D:5      | Found Fopnumur's Antique Weapon Emporium.
  5070 | D:5      | Reached skill level 9 in Long Blades
  5278 | D:6      | Found a shattered altar of Ashenzari.
  5283 | D:6      | Found a hazy altar of Hepliaklqana.
  5283 | D:6      | Found a glowing golden altar of the Shining One.
  5285 | D:6      | Found a basalt altar of Yredelemnul.
  5287 | D:6      | Found a shattered altar of Ashenzari.
  5288 | D:6      | Found an opulent altar of Gozag.
  5317 | D:6      | Found a stormy altar of Qazlal.
  5349 | D:6      | HP: 1/49 [orc priest/+0 flail (8)]
  5356 | D:6      | Killed from afar by an orc priest

Vault maps used:
D:1:      eino_arrival_water_star, minmay_pentomino_u4
D:2:      kb_forest_paths, nicolae_overflow_crystal_walls, elyvilon_altar_4
D:3:      first_ration, chequers_serial_rivers_room_b, hangedman_feature_mirror,
          grunt_gozag_breadcrumbs
D:4:      kennysheep_mini_moat, serial_shops, shop_scrolls, shop,
          nicolae_shop_overgrown_old_shop, minmay_shop_mass,
          serial_bayou_pond_a, kennysheep_generic_room_3
D:5:      minmay_temple_entry_tees, serial_shops, shop, shop, shop_fountains,
          shop_fountains
D:6:      lemuel_round_altar, grunt_temple_overflow_open, old_standard_altar,
          basic_altar
Temple:   cyrus_temple_forest

Skill      XL: |  1  2  3  4  5  6  7 |
---------------+----------------------+-----
Long Blades    | 4 6 8 9 |  9.7
Fighting       | |  1.7
Throwing       | |  1.5
Dodging        | |  3.2

Action                   |  1- 3 |  4- 6 |  7- 9 || total
-------------------------+-------+-------+-------++-------
Melee: Long sword        |    97 |   167 |    80 ||   344
       Bite              |    10 |    27 |    24 ||    61
  Use: Scroll            |     5 |    14 |     1 ||    20
       Potion            |       |     1 |     1 ||     2
 Stab: Sleeping          |     3 |     3 |     1 ||     7
  Eat: Corpse            |     3 |     6 |     5 ||    14
Armor: Leather armour    |    40 |    38 |    24 ||   102
Dodge: Dodged            |    67 |   106 |    41 ||   214
Block: Other             |     2 |    12 |     4 ||    18
       Reflection        |       |     1 |       ||     1
       Rpst.: Long sword |    20 |    36 |    19 ||    75

Table legend:
 A = Non-vault XP
 B = Vault XP
 C = Vault XP percentage of total XP
 D = Non-vault monster count
 E = Vault monster count
 F = Vault count percentage of total count
                 A         B        C        D         E       F
            +---------+---------+-------+---------+---------+-------
      Total |    1395 |      22 |   1.6 |     108 |       8 |   6.9
            +---------+---------+-------+---------+---------+-------
        D:1 |      51 |       2 |   3.8 |      28 |       2 |   6.7
        D:2 |      90 |      20 |  18.2 |      25 |       6 |  19.4
        D:3 |     215 |       0 |   0.0 |      25 |       0 |   0.0
        D:4 |     216 |       0 |   0.0 |      11 |       0 |   0.0
        D:5 |     542 |       0 |   0.0 |      12 |       0 |   0.0
        D:6 |     281 |       0 |   0.0 |       7 |       0 |   0.0
            +---------+---------+-------+---------+---------+-------
